Map: Oxide LE

Players

Trap - Winner!

  • Race: Protoss Protoss
  • League: Master
  • Spawn Location: 7:00

Solar

  • Race: Zerg Zerg
  • League: Master
  • Spawn Location: 1:00

VOD

Have the link to the VOD?

Description

Time

  • Played on: Jan. 16, 2021, 12:26 p.m.
  • Length: 13:44
Show
View Real Time Build Order
Export as new Build Order

Trap Protoss - Winner!

Build Orders: 1 Gate Expand, Oracle Opening, Zealot Archon 

Get SALT Encoding   

  12  0:00  Probe  
  13  0:14  Pylon  
  13  0:17  Probe (Chrono Boost)  
  14  0:26  Probe (Chrono Boost)  
  15  0:31  Probe (Chrono Boost)  
  16  0:41  Gateway  
  16  0:43  Probe  
  16  0:49  Assimilator  
  17  0:55  Probe  
  18  1:08  Probe  
  19  1:20  Probe  
  19  1:25  Nexus  
  20  1:34  Cybernetics Core  
  20  1:37  Probe  
  21  1:43  Assimilator  
  21  1:49  Probe  
  21  1:54  Pylon  
  22  2:01  Probe (Chrono Boost)  
  23  2:09  Stalker (Chrono Boost)  
  23  2:11  Warp Gate  
  23  2:13  Probe (Chrono Boost)  
  26  2:22  Probe (Chrono Boost)  
  27  2:29  Probe (Chrono Boost)  
  28  2:33  Stargate  
  28  2:38  Adept, Probe (Chrono Boost)  
  31  2:46  Probe (Chrono Boost)  
  31  2:47  Probe (Chrono Boost)  
  32  2:52  Probe x2 (Chrono Boost)  
  34  3:04  Probe x2  
  36  3:07  Gateway  
  36  3:08  Adept  
  38  3:14  Oracle (Chrono Boost)  
  38  3:16  Probe  
  38  3:17  Probe  
  43  3:20  Pylon  
  43  3:28  Probe  
  43  3:29  Probe  
  45  3:35  Void Ray (Chrono Boost)  
  46  3:41  Probe x2  
  46  3:43  Pylon  
  51  3:53  Probe x2  
  53  3:59  Nexus  
  53  4:04  Pylon  
  53  4:06  Probe x2  
  55  4:13  Assimilator x2  
  55  4:17  Void Ray  
  55  4:18  Probe x2  
  61  4:26  Shield Battery  
  61  4:31  Pylon, Probe  
  61  4:32  Probe  
  63  4:40  Forge  
  63  4:44  Sentry, Twilight Council  
  64  4:46  Probe  
  65  4:55  Gateway x2  
  65  4:58  Protoss Ground Weapons Level 1, Pylon  
  65  5:02  Probe (Chrono Boost)  
  65  5:04  Probe (Chrono Boost)  
  67  5:12  Probe (Chrono Boost)  
  67  5:13  Probe (Chrono Boost)  
  70  5:18  Charge (Chrono Boost), Probe (Chrono Boost)  
  70  5:20  Probe (Chrono Boost)  
  70  5:21  Probe (Chrono Boost)  
  72  5:23  Templar Archives  
  72  5:26  Probe (Chrono Boost)  
  72  5:27  Probe  
  72  5:28  Probe  
  75  5:30  Gateway  
  75  5:35  Gateway  
  75  5:39  Gateway  
  75  5:41  Probe x2  
  77  5:43  Probe  
  78  5:50  Assimilator  
  78  5:54  Zealot x2  
  78  5:55  Assimilator  
  82  6:02  Probe x3  
  85  6:08  Shield Battery  
  85  6:09  High Templar  
  85  6:10  High Templar  
  89  6:14  Probe x2  
  89  6:15  Probe  
  89  6:16  Pylon  
  92  6:22  Stargate  
  92  6:26  Zealot, High Templar x2  
  92  6:29  Archon  
  92  6:30  Archon, Phoenix  
  92  6:32  Pylon x2  
  100  6:39  Zealot x2  
  104  6:46  Pylon  
  104  6:48  Robotics Facility  
  104  6:53  Zealot  
  104  6:54  Zealot x2  
  110  6:56  Gateway  
  110  6:57  Gateway  
  110  7:05  Phoenix x2  
  110  7:06  Robotics Facility  
  114  7:08  Photon Cannon  
  114  7:10  Photon Cannon, Protoss Ground Weapons Level 2  
  114  7:16  Blink  
  114  7:28  Shield Battery  
  114  7:30  Photon Cannon  
  114  7:32  Pylon  
  114  7:34  Sentry x2, Immortal (Chrono Boost)  
  114  7:35  Zealot  
  114  7:36  Photon Cannon  
  124  7:43  Pylon  
  124  7:48  Robotics Bay, Pylon  
  124  7:51  Pylon  
  124  7:57  Immortal (Chrono Boost)  
  124  8:03  Immortal (Chrono Boost)  
  132  8:05  Shield Battery  
  132  8:15  High Templar x2  
  132  8:16  Zealot x5  
  146  8:27  Zealot x2  
  130  8:34  Disruptor x2 (Chrono Boost)  
  134  8:41  Shield Battery  
  134  8:47  Templar Archives  
  134  8:48  Pylon  
  134  8:50  Pylon  
  134  8:51  Zealot x6  
  146  8:58  Pylon  
  146  8:59  Pylon  
  146  9:05  Disruptor x2 (Chrono Boost)  
  152  9:16  Zealot x3  
  152  9:17  Zealot x2  
  152  9:19  Zealot  
  137  9:29  Zealot x2  
  122  9:37  Disruptor (Chrono Boost)  
  114  9:40  Disruptor (Chrono Boost)  
  112  9:46  Stalker x3  
  112  9:50  Stalker  
  120  9:56  Stalker x2  
  124  10:03  Disruptor (Chrono Boost)  
  121  10:10  Stalker x3  
  121  10:11  Stalker x2  
  123  10:17  Disruptor (Chrono Boost)  
  126  10:24  Stalker x2  
  130  10:32  Observer (Chrono Boost)  
  131  10:46  Pylon  
  131  10:49  Colossus (Chrono Boost)  
  131  10:55  Colossus (Chrono Boost)  
  136  11:04  Stalker x5  
  146  11:18  Nexus  
  146  11:21  Shield Battery  
  146  11:22  Shield Battery  
  146  11:33  Colossus (Chrono Boost)  
  146  11:38  Zealot x3, Immortal (Chrono Boost)  
  148  12:02  Stalker x8  
  148  12:03  Stalker  
  162  12:13  Warp Prism (Chrono Boost)  
  160  12:33  Disruptor (Chrono Boost)  
  160  12:36  Nexus  
  160  12:39  Pylon  
  160  12:41  Disruptor  
  160  12:42  Zealot x4, High Templar x2  
  175  12:55  Zealot, High Templar x2  
  179  13:04  Archon  
  160  13:05  Archon  
  160  13:08  Stalker x4  
  164  13:15  Stalker  
  164  13:16  Stalker x2  
  160  13:32  Stalker x4  
Show
View Real Time Build Order
Export as new Build Order

Solar Zerg 

Build Orders: Hatch First, Swarm Host 

Get SALT Encoding   

  12  0:00  Drone  
  13  0:12  Overlord  
  13  0:17  Drone  
  14  0:30  Drone  
  15  0:43  Hatchery  
  15  0:47  Drone  
  15  0:51  Drone  
  15  0:55  Drone  
  17  1:01  Drone  
  18  1:07  Extractor  
  17  1:15  Spawning Pool  
  17  1:18  Drone  
  17  1:21  Drone  
  18  1:30  Drone  
  19  1:41  Drone  
  20  1:52  Overlord  
  20  1:58  Drone  
  21  2:02  Queen x2  
  21  2:03  Zergling x2  
  21  2:06  Zergling x2  
  27  2:12  Metabolic Boost  
  27  2:16  Drone  
  27  2:17  Drone  
  29  2:28  Drone x2  
  31  2:40  Hatchery  
  31  2:41  Drone  
  31  2:47  Queen  
  31  2:50  Overlord  
  33  2:54  Overlord  
  32  3:09  Drone x4  
  36  3:14  Drone x3  
  39  3:22  Drone x2  
  39  3:23  Queen, Drone  
  44  3:32  Overlord x2  
  44  3:40  Spore Crawler  
  43  3:45  Drone  
  44  3:50  Drone x2  
  44  3:51  Zergling x6  
  44  3:52  Queen  
  44  3:53  Zergling x4  
  44  3:54  Drone  
  53  3:56  Spore Crawler  
  52  4:03  Drone  
  52  4:04  Drone x2  
  54  4:16  Drone x5  
  57  4:19  Spore Crawler  
  57  4:23  Spore Crawler  
  56  4:24  Overlord  
  56  4:28  Zergling x4  
  56  4:31  Zergling x2  
  59  4:32  Drone x2  
  59  4:36  Roach Warren  
  59  4:37  Lair  
  60  4:39  Drone  
  60  4:41  Drone  
  60  4:42  Extractor  
  60  4:44  Extractor, Drone  
  60  4:47  Overlord  
  60  4:48  Drone  
  60  4:50  Drone  
  62  4:54  Drone x3  
  65  5:00  Overlord  
  65  5:03  Overlord  
  65  5:05  Queen  
  68  5:07  Drone x2  
  68  5:08  Drone  
  68  5:13  Drone x3  
  73  5:15  Overlord  
  73  5:20  Drone x3  
  76  5:23  Drone  
  76  5:24  Drone  
  76  5:25  Drone  
  76  5:27  Extractor  
  78  5:28  Drone x2  
  78  5:29  Extractor  
  78  5:32  Drone x3  
  78  5:34  Extractor  
  81  5:37  Spire  
  81  5:38  Drone  
  81  5:39  Overseer  
  81  5:41  Drone x2  
  83  5:43  Drone  
  83  5:44  Drone  
  83  5:46  Evolution Chamber  
  84  5:50  Overlord  
  84  5:52  Drone, Glial Reconstitution  
  84  5:55  Overlord, Drone  
  86  5:58  Overlord  
  86  6:01  Overlord  
  86  6:04  Drone  
  86  6:08  Overlord  
  86  6:16  Overlord, Spore Crawler  
  86  6:20  Hatchery  
  86  6:22  Overlord  
  85  6:31  Roach x9  
  103  6:37  Zerg Missile Weapons Level 1, Infestation Pit  
  103  6:39  Roach x2  
  106  6:42  Queen  
  106  6:44  Overlord  
  109  6:47  Overseer  
  109  6:48  Overlord  
  109  6:51  Overlord  
  109  6:53  Roach x4  
  117  6:57  Roach  
  117  6:58  Roach  
  117  6:59  Roach  
  123  7:01  Overlord  
  123  7:03  Overlord  
  123  7:14  Swarm Host x5  
  138  7:17  Swarm Host x2  
  138  7:22  Swarm Host x2  
  143  7:24  Swarm Host  
  143  7:28  Swarm Host x2  
  153  7:30  Swarm Host  
  153  7:36  Roach x3  
  162  7:39  Roach x2  
  162  7:42  Queen  
  166  7:48  Ravager x4  
  166  7:50  Zergling x8, Roach  
  176  7:52  Roach  
  176  7:55  Roach  
  176  7:56  Roach  
  181  7:58  Roach  
  181  7:59  Roach  
  181  8:00  Zergling x2  
  181  8:01  Roach  
  181  8:02  Zergling x2  
  189  8:07  Overlord, Roach  
  189  8:10  Overlord  
  189  8:12  Overlord  
  191  8:15  Overlord, Ravager  
  191  8:16  Overlord  
  191  8:19  Overlord  
  192  8:22  Overlord  
  192  8:25  Roach  
  190  8:28  Roach x2  
  190  8:29  Roach x2  
  190  8:33  Roach x2  
  184  8:36  Roach  
  184  8:39  Zerg Missile Weapons Level 2  
  184  8:41  Ravager  
  184  8:42  Ravager  
  184  8:44  Roach x3  
  192  8:50  Roach x3  
  192  8:51  Zergling x2  
  192  9:03  Roach x4  
  192  9:08  Roach x3  
  200  9:12  Zergling x2, Baneling Nest  
  200  9:20  Roach x2  
  200  9:21  Roach x3  
  190  9:24  Queen x2  
  190  9:26  Roach x2  
  190  9:27  Roach  
  190  9:28  Roach  
  181  9:32  Roach x2  
  181  9:33  Roach  
  181  9:34  Roach  
  181  9:36  Roach  
  181  9:41  Roach x2  
  181  9:45  Ravager x2  
  176  9:46  Ravager x2  
  176  9:49  Ravager  
  176  9:50  Roach x2  
  183  9:55  Zergling x8  
  187  10:01  Roach  
  187  10:05  Roach x3  
  165  10:11  Roach  
  155  10:15  Centrifical Hooks  
  155  10:17  Queen, Overseer  
  149  10:22  Zergling x8  
  149  10:25  Zergling x4  
  149  10:26  Queen  
  149  10:28  Ravager x2  
  159  10:32  Zergling x2, Ravager  
  159  10:33  Zergling x2  
  162  10:38  Zergling x6  
  162  10:40  Queen x2  
  169  10:45  Zergling x10, Spore Crawler  
  169  10:49  Baneling x2  
  173  10:50  Overlord, Baneling x13  
  173  10:53  Zergling x6  
  176  10:59  Zergling x6  
  176  11:00  Zergling x4  
  176  11:04  Baneling x9  
  180  11:08  Overlord  
  180  11:12  Zergling x6, Queen  
  180  11:15  Ravager x3  
  180  11:17  Zergling x4  
  188  11:22  Queen  
  190  11:26  Baneling x7  
  190  11:27  Zergling x2  
  190  11:28  Zergling x4  
  190  11:32  Zerg Melee Weapons Level 1  
  193  11:33  Zergling x2  
  193  11:34  Zergling x4  
  193  11:38  Zergling x4  
  198  11:41  Zergling x10  
  186  11:48  Roach x3  
  186  11:49  Roach x2  
  186  11:51  Zergling x2  
  184  11:55  Zergling x8  
  180  12:02  Zergling x6  
  180  12:07  Ravager  
  178  12:09  Baneling  
  178  12:10  Baneling x7  
  178  12:12  Zergling x8, Baneling x2  
  178  12:13  Baneling x4  
  167  12:16  Roach x2  
  167  12:17  Ravager  
  167  12:19  Zergling x2  
  167  12:20  Overseer  
  167  12:21  Zergling x2  
  173  12:24  Baneling x4  
  173  12:28  Zergling x2  
  173  12:29  Zergling x6  
  168  12:35  Zergling x4  
  169  12:39  Extractor, Queen  
  169  12:42  Zergling x6  
  169  12:43  Zergling x2  
  170  12:46  Zergling x4  
  172  12:52  Ravager  
  172  12:53  Zergling x8  
  172  12:56  Baneling  
  172  12:57  Baneling x8  
  172  13:01  Zergling x6  
  144  13:06  Roach  
  144  13:07  Queen  
  144  13:11  Zergling x6  
  148  13:13  Ravager  
  148  13:14  Ravager  
  148  13:15  Baneling x9  
  148  13:19  Zergling x6  
  148  13:23  Zergling x6  
  148  13:26  Zergling x6  
Tags
 
Add a new tag
Caveats
  • Supply blocks, unpowered buildings, or Contaminate may cause inaccurate times.
  • Supply counts are checked every 10 seconds.